 Dungeon Crawl Stone Soup version 0.17.1-1-g73c8601 (webtiles) character file.

231 Metrazal the Sneak (level 5, -6/26 HPs)
             Began as a Spriggan Assassin on Jan 2, 2016.
             Killed from afar by Natasha (11 damage)
             ... with a wand of flame
             ... on level 3 of the Dungeon.
             The game lasted 01:01:15 (3873 turns).

Metrazal the Sneak (Spriggan Assassin)              Turns: 3873, Time: 01:01:15

Health: -6/26      AC:  4    Str:  8    XL:     5   Next: 73%
Magic:  6/6        EV: 18    Int: 12    God:
Gold:   86         SH:  0    Dex: 21    Spells: 0 memorised, 4 levels left

rFire  . . .     SeeInvis +     b - +0 blowgun
rCold  . . .     Clarity  .     c - +0 robe
rNeg   . . .     SustAt   .     (shield restricted)
rPois  +         Gourm    .     (helmet restricted)
rElec  .         Spirit   .     d - +1 cloak
rCorr  .         Warding  .     (gloves unavailable)
rMut   .         Stasis   .     (boots unavailable)
MR     .....                    (no amulet)
Stlth  ++++......               i - +3 ring of dexterity
                                m - ring of poison resistance

@: very quick, not resistant to hostile enchantments, stealthy
A: unfitting armour, see invisible, herbivore 3, speed 3, slow metabolism 2
a: no special abilities


You were on level 3 of the Dungeon.
You were not hungry.

You visited 1 branch of the dungeon, and saw 3 of its levels.

You collected 86 gold pieces.

Inventory:

Hand Weapons
 a - a +2 dagger
 b - a +0 blowgun (weapon)
 n - a +0 hunting sling
 o - a +0 hand axe
 t - a +1 hunting sling of freezing
Missiles
 f - 2 curare-tipped needles
 j - 55 stones
 q - 16 poisoned needles (quivered)
 u - 5 tomahawks
 v - 11 sling bullets
Armour
 c - a +0 robe (worn)
 d - a +1 cloak (worn)
Jewellery
 i - a +3 ring of dexterity (right hand)
 m - a ring of poison resistance (left hand)
 p - an uncursed ring of protection from fire
Scrolls
 e - a scroll of remove curse
 r - a scroll of amnesia
 s - 2 scrolls of identify
Potions
 h - a potion of might
 k - a potion of flight
 l - a potion of brilliance
Books
 w - a book of Flames

   Spells                             Type                      Level
   a - Flame Tongue                   Conjuration/Fire             1
   b - Throw Flame                    Conjuration/Fire             2
   c - Conjure Flame                  Conjuration/Fire             3
   d - Inner Flame                    Hexes/Fire                   3
   e - Sticky Flame                   Conjuration/Fire             4
   f - Fireball                       Conjuration/Fire             5
Comestibles
 g - 2 bread rations


   Skills:
 + Level 1.8 Fighting
 + Level 2.4 Short Blades
 + Level 3.9(4.8) Slings
 + Level 3.5(4.1) Throwing
 + Level 2.3 Dodging
 + Level 7.3 Stealth


You had 4 spell levels left.
You didn't know any spells.

Dungeon Overview and Level Annotations

Branches:
Dungeon (3/15)

Altars:
Makhleb

Annotations:
D:3 Natasha


Innate Abilities, Weirdness & Mutations

You are tiny and cannot use many weapons and most armour.
You have supernaturally acute eyesight.
You are a herbivore.
You cover ground extremely quickly.
You need consume almost no food.


Message History

The magic dart hits you!
Firing (i - inventory. (,) - cycle):
v - 11 sling bullets (quivered)
Press: ? - help, Shift-Dir - straight line, f/p - Natasha
Aim: Natasha, carrying a wand of flame {zapped: 2}
Okay, then.
Unknown command.
Wield which item (- for none, * to show all)? (? for menu, Esc to quit)
Your +1 hunting sling of freezing stops glowing.
b - a +0 blowgun (weapon)
Firing (i - inventory. (,) - cycle):
q - 17 poisoned needles (quivered)
Press: ? - help, Shift-Dir - straight line, f/p - Natasha
Aim: Natasha, carrying a wand of flame {zapped: 2} You shoot a poisoned needle.
The poisoned needle hits Natasha.
Natasha is poisoned.
Natasha casts a spell at you. The magic dart hits you!
* * * LOW HITPOINT WARNING * * *
Found a sedimented purple potion.
Natasha zaps a wand.
The puff of flame hits you!
You die...

### #.. #.# #.# # #
######.#### # .#.
##.#h.h....###.#
#.###....##.##.....
#.##.....##.##!.##.#
#.###...5##.@......# #.#
##.#(#####.....#
#.####.#.# .##.#
#......((# # .#
######'### #.### ##[5)##
.(... ## ##.....##
####...# .## ##.......##
#....#.#
..####<.(......###......#


You could see Natasha.

Vanquished Creatures
  An orc priest (D:3)
  Terence (D:2)
  Natasha (D:3)
  Robin (D:2)
  4 adders
  4 gnolls (D:3)
  2 worms
  A giant gecko (D:3)
  2 orcs (D:3)
  2 giant cockroaches
  15 goblins
  10 hobgoblins
  5 jackals
  A quokka (D:2)
  A ball python (D:1)
  2 bats
  A giant newt (D:2)
  2 kobolds
  6 rats
62 creatures vanquished.

Notes
Turn   | Place    | Note
--------------------------------------------------------------
     0 | D:1      | Metrazal the Spriggan Assassin began the quest for the Orb.
     0 | D:1      | Reached XP level 1. HP: 10/10 MP: 2/2
   111 | D:1      | Reached skill level 6 in Stealth
   409 | D:1      | Reached XP level 2. HP: 15/15 MP: 3/3
  1093 | D:2      | Reached XP level 3. HP: 18/18 MP: 4/4
  1159 | D:2      | Reached skill level 7 in Stealth
  1407 | D:2      | Noticed Terence
  1418 | D:2      | Killed Terence
  1418 | D:2      | Reached XP level 4. HP: 23/23 MP: 5/5
  1540 | D:2      | Noticed Robin
  1547 | D:2      | Reached skill level 1 in Slings
  1770 | D:2      | Killed Robin
  2046 | D:2      | Found a burning altar of Makhleb.
  2046 | D:2      | Noticed a green death
  2050 | D:2      | Noticed a smoke demon
  2050 | D:2      | Noticed a smoke demon
  3137 | D:3      | Reached XP level 5. HP: 14/26 MP: 6/6
  3753 | D:3      | Noticed Natasha
  3757 | D:3      | Killed Natasha
  3845 | D:3      | Noticed Natasha
  3873 | D:3      | Killed from afar by Natasha

Action                   |  1- 3 |  4- 6 || total
-------------------------+-------+-------++-------
Melee: Dagger            |     7 |    12 ||    19
 Fire: Blowgun           |    36 |    28 ||    64
       Hunting sling     |    13 |   112 ||   125
Throw: Stone             |     4 |       ||     4
  Use: Scroll            |     5 |     8 ||    13
       Potion            |     3 |     2 ||     5
 Stab: Sleeping          |    12 |     1 ||    13
       Distracted        |     2 |     1 ||     3
